 Dungeon Crawl Stone Soup version 0.31-a0-217-g58bb5d79cf (webtiles) character file.

Game seed: 6354009683704834193

111 qw the Shooter (level 4, -1/36 HPs)
             Began as a Minotaur Hexslinger on July 2, 2023.
             Slain by Grinder (2 damage)
             ... on level 4 of the Dungeon.
             The game lasted 00:00:52 (2279 turns).

qw the Shooter (Minotaur Hexslinger)                Turns: 2279, Time: 00:00:53

Health: -1/36      AC:  8    Str: 12    XL:     4   Next: 62%
Magic:  4/4        EV: 11    Int: 10    God:
Gold:   212        SH:  0    Dex: 15    Spells: 4/5 levels left

rFire   . . .        Y - +2 sling (freeze)
rCold   . . .        (no shield)
rNeg    . . .        j - +0 ring mail
rPois   .            (helmet restricted)
rElec   .            (no cloak)
rCorr   .            a - +2 pair of gloves "Hietimpo" {Will+}
SInv    .            (no boots)
Will    +....        (no amulet)
Stlth   +            (no ring)
HPRegen 0.26/turn    (no ring)
MPRegen 0.09/turn

%: no passive effects
@: no status effects
A: horns 2, retaliatory headbutt
a: no special abilities


You were on level 4 of the Dungeon.
You visited 1 branch of the dungeon, and saw 4 of its levels.

You collected 212 gold pieces.


Innate Abilities, Weirdness & Mutations

You have a pair of horns on your head.
You reflexively headbutt those who attack you in melee.


   Skills:
 + Level 2.0 Fighting
 - Level 5.0 Ranged Weapons
 - Level 1.0 Armour
 - Level 2.1 Dodging
 - Level 1.0 Spellcasting
 - Level 2.0 Hexes


You had 4 spell levels left.
You knew the following spells:

 Your Spells              Type           Power      Damage    Failure   Level
a - Slow                  Hex            16%        N/A       34%         1

Your spell library contained the following spells:

 Spells                   Type           Power      Damage    Failure   Level
 Inner Flame              Hex/Fire       2%         N/A       83%         3
 Portal Projectile        Hex/Tloc       4%         N/A       83%         3
 Cause Fear               Hex            2%         N/A       98%         4

Inventory:

Hand Weapons
 Y - a +2 sling of freezing (weapon)
Armour
 a - the +2 pair of gloves "Hietimpo" (worn) {Will+}
   (You acquired it on level 3 of the Dungeon)

   Will:      It increases your willpower.
 j - a +0 ring mail (worn)
Scrolls
 b - a scroll of torment {unknown}
 c - a scroll of enchant armour
 g - a scroll of identify
Potions
 e - a potion of invisibility {unknown}
 f - 2 potions of curing
 h - a potion of haste {unknown}
 i - a potion of heal wounds {unknown}
 k - a potion of cancellation {unknown}
 l - a potion of lignification {unknown}

Dungeon Overview and Level Annotations

Branches:
Dungeon (4/15)
 Temple: D:4-7

Altars:
Nemelex Xobeh

Annotations:
D:4 Grinder


Message History

The sling bullet hits Grinder but does no damage.
Grinder is moderately wounded.
You shoot a sling bullet. The sling bullet hits Grinder.
Grinder is heavily wounded.
You shoot a sling bullet. The sling bullet hits Grinder.
Grinder is heavily wounded.
Grinder gestures at you.
You easily resist.
You shoot a sling bullet. The sling bullet barely misses Grinder.
You shoot a sling bullet.
The sling bullet hits Grinder but does no damage.
Grinder is heavily wounded.
You shoot a sling bullet.
The sling bullet closely misses Grinder.
Grinder barely misses you. You furiously retaliate!
You headbutt Grinder! You shoot a sling bullet. The sling bullet hits Grinder.
Grinder is severely wounded.
Grinder hits you.
You writhe in agony.
You shoot a sling bullet. The sling bullet hits Grinder.
Grinder is severely wounded.
Grinder drinks a potion.
Grinder is healed!
You shoot a sling bullet. The sling bullet hits Grinder.
Grinder is severely wounded.
Grinder hits you but does no damage. x2
You shoot a sling bullet.
The sling bullet closely misses Grinder.
Grinder hits you.
You shoot a sling bullet. The sling bullet barely misses Grinder.
Grinder closely misses you.
You shoot a sling bullet.
The sling bullet closely misses Grinder.
Grinder hits you but does no damage. Grinder hits you.
You shoot a sling bullet. The sling bullet hits Grinder.
Grinder is almost dead.
Grinder gestures at you.
You easily resist.
You shoot a sling bullet.
The sling bullet closely misses Grinder.
Grinder hits you.
You writhe in agony.
You die...

###### #....# #....#
#....# #....# #....#
+...)#
#@...#############
+<.'5................
####.....#######.###.
.....^.# #.# #.
.......#######.# #.
.............#.# #.
....#........#.# #.
.....#........#.# #.
#........#.##..


You could see Grinder.

Vanquished Creatures
  A hound (D:4)
  An adder (D:2)
  2 worms
  2 dart slugs
  6 bats
  7 endoplasms
  A giant cockroach (D:1)
  8 hobgoblins
  A jackal (D:3)
  2 quokkas
  6 ball pythons
  3 frilled lizards
  10 goblins
  5 kobolds
  4 rats
59 creatures vanquished.

Notes
Turn   | Place    | Note
-------+----------+-------------------------------------------
     0 | D:1      | qw the Minotaur Hexslinger began the quest for the Orb.
     0 | D:1      | Reached XP level 1. HP: 16/16 MP: 1/1
     0 | D:1      | 0 ||| qw: Version: 0.3-a-40-ge99b1a8
     0 | D:1      | 0 ||| qw: Game counter: 128
     0 | D:1      | 0 ||| qw: Melee chars always use a shield: true
     0 | D:1      | 0 ||| qw: God list: Okawaru
     0 | D:1      | 0 ||| qw: Allow faded altars: false
     0 | D:1      | 0 ||| qw: Do Orc after clearing Dungeon:15 true
     0 | D:1      | 0 ||| qw: Do second Lair branch before Depths: true
     0 | D:1      | 0 ||| qw: Lair rune preference: random
     0 | D:1      | 0 ||| qw: Goals: Normal
     0 | D:1      | 0 ||| PLANNING D:1-11
   138 | D:1      | Reached skill level 3 in Ranged Weapons
   157 | D:1      | Reached XP level 2. HP: 23/23 MP: 2/2
   203 | D:1      | HP: 6/24 [goblin/+0 dagger (3)]
   208 | D:1      | HP: 3/24 [goblin/+0 dagger (3)]
   760 | D:1      | 760 ||| READING scroll labelled BACO VINIYFFAO.
   761 | D:1      | 761 ||| READING scroll labelled PUHYTU KOIMIWK.
   762 | D:1      | 762 ||| DROPPING scroll of poison.
   788 | D:2      | HP: 4/24 [hobgoblin (3)]
   790 | D:2      | HP: 1/24 [hobgoblin (2)]
   793 | D:2      | Reached XP level 3. HP: 2/29 MP: 3/3
  1214 | D:2      | Reached skill level 4 in Ranged Weapons
  1250 | D:2      | 1250 ||| UPGRADING to +0 ring mail.
  1260 | D:2      | 1260 ||| DROPPING +0 robe.
  1261 | D:2      | 1261 ||| READING scroll labelled CIDODUW GUMU.
  1262 | D:2      | 1262 ||| READING scroll labelled ZEPAPE USCHEOMAMAA.
  1363 | D:2      | 1363 ||| READING scroll labelled TAZYRI SAOCAE.
  1364 | D:2      | 1364 ||| DRINKING 2 amethyst potions.
  1372 | D:2      | 1372 ||| DROPPING potion of ambrosia.
  1427 | D:3      | Found a faded altar of an unknown god.
  1567 | D:3      | Reached skill level 1 in Armour
  1666 | D:3      | Reached XP level 4. HP: 36/36 MP: 4/4
  1977 | D:3      | Found a sparkling altar of Nemelex Xobeh.
  2189 | D:3      | 2189 ||| READING scroll labelled KIVECW XAIS.
  2190 | D:3      | 2190 ||| READING 2 scrolls labelled TEMUUR NIAKKYB.
  2191 | D:3      | 2191 ||| READING scroll labelled ZYDGHA GEGEWK.
  2192 | D:3      | 2192 ||| READING scroll labelled CEIDGHY CIARCHIL.
  2192 | D:3      | Identified a scroll of acquirement
  2192 | D:3      | 2192 ||| ACQUIRING +2 pair of gloves "Hietimpo" {Will+}
  2192 | D:3      | Acquired the +2 pair of gloves "Hietimpo" {Will+}
  2194 | D:3      | 2194 ||| UPGRADING to +2 pair of gloves "Hietimpo" {Will+}.
  2199 | D:3      | 2199 ||| DRINKING 3 lumpy dark potions.
  2200 | D:3      | 2200 ||| READING 2 scrolls of identify.
  2200 | D:3      | 2200 ||| IDENTIFYING pink potion
  2201 | D:3      | 2201 ||| DROPPING potion of attraction.
  2246 | D:4      | Noticed Grinder
  2254 | D:4      | Reached skill level 5 in Ranged Weapons
  2263 | D:4      | HP: 7/36 [Grinder (6)]
  2272 | D:4      | HP: 8/36 [Grinder (2)]
  2272 | D:4      | HP: 3/36 [Grinder (5)]
  2277 | D:4      | HP: 1/36 [Grinder (1)]
  2279 | D:4      | Slain by Grinder

Levels and vault maps discovered:
D:1:      dpeg_arrival_houses_and_road, layout_loops_cross
D:2:      layout_rooms
D:3:      minmay_bubble_buster, layout_loops_ring, old_standard_altar,
          basic_ecumenical_altar, minmay_goblin_kobold_house
D:4:      layout_basic, serial_shops, nicolae_shop_peninsula, uniq_grinder

Skill      XL: |  1  2  3  4 |
---------------+-------------+-----
Ranged Weapons | 3 4 5 |  5.0
Fighting       | 2 |  2.0
Armour         | 1 |  1.0
Dodging        | |  2.1
Spellcasting   | |  1.0
Hexes          | |  2.0

Action                     |  1- 3 |  4- 6 || total
---------------------------+-------+-------++-------
   Fire: Sling             |   146 |    57 ||   203
    Use: Scroll            |     5 |     5 ||    10
         Potion            |     1 |     1 ||     2
 Armour: Robe              |    16 |       ||    16
         Ring mail         |     6 |     9 ||    15
  Dodge: Dodged            |    48 |     8 ||    56

Table legend:
 A = Non-vault XP
 B = Vault XP
 C = Vault XP percentage of total XP
 D = Non-vault monster count
 E = Vault monster count
 F = Vault count percentage of total count
                 A         B        C        D         E       F
            +---------+---------+-------+---------+---------+-------
      Total |     130 |      29 |  18.2 |      45 |      14 |  23.7
            +---------+---------+-------+---------+---------+-------
        D:1 |      39 |       0 |   0.0 |      24 |       0 |   0.0
        D:2 |      28 |       0 |   0.0 |       7 |       0 |   0.0
        D:3 |      19 |      29 |  60.4 |      12 |      14 |  53.8
        D:4 |      44 |       0 |   0.0 |       2 |       0 |   0.0
            +---------+---------+-------+---------+---------+-------
